 Dungeon Crawl Stone Soup version 0.29.1-2-gbd0b4ee654 (webtiles) character file.

Game seed: 17976559790004345168

5997 xian the Black Sun (level 10, -29/73 HPs)
             Began as a Demonspawn Hunter on Nov 7, 2022.
             Was a High Priest of Kikubaaqudgha.
             Annihilated by a two-headed ogre
             ... wielding a +0 giant spiked club
              (34 damage)
             ... on level 10 of the Dungeon.
             The game lasted 00:40:44 (11608 turns).

xian the Black Sun (Demonspawn Hunter)             Turns: 11608, Time: 00:40:44

Health: -29/73     AC: 16    Str: 13    XL:     10   Next: 55%
Magic:  0/17       EV: 12    Int: 13    God:    Kikubaaqudgha [*****.]
Gold:   855        SH:  0    Dex: 17    Spells: 15/18 levels left

rFire   + . .      SeeInvis .   a - +0 shortbow
rCold   + . .      Faith    .   (shield currently unavailable)
rNeg    . . .      Spirit   +   A - +2 ring mail {rC+}
rPois   .          Reflect  .   r - +2 helmet
rElec   .          Harm     .   d - +0 cloak
rCorr   +          Rampage  .   m - +0 pair of gloves
Will    .....                   O - +2 pair of boots
Stlth   +++.......              p - amulet of guardian spirit
HPRegen 0.22/turn               k - ring of resist corrosion
MPRegen 0.15/turn               f - ring of protection from fire

@: slowed, studying Short Blades, very slow
A: claws 2, powered by pain 2, demonic magic 1
a: Renounce Religion, Unearth Wretches, Torment


You were on level 10 of the Dungeon.
You worshipped Kikubaaqudgha.
Kikubaaqudgha was extremely pleased with you.
You visited 1 branch of the dungeon, and saw 10 of its levels.
You also visited: Sewer and Ossuary.

You collected 855 gold pieces.

Inventory:

Hand Weapons
 a - a +0 shortbow (weapon)
 n - a +0 mace
 q - a +1 dagger of venom
Missiles
 t - 4 atropa-tipped darts
 J - 2 boomerangs of dispersal
Armour
 d - a +0 cloak (worn)
 m - a +0 pair of gloves (worn)
 r - a +2 helmet (worn)
 w - a +0 kite shield
 A - a +2 ring mail of cold resistance (worn)
 O - a +2 pair of boots (worn)
Jewellery
 f - a ring of protection from fire (right hand)
 k - a ring of resist corrosion (left hand)
 p - an amulet of guardian spirit (around neck)
Wands
 l - a wand of flame (7)
 u - a wand of iceblast (5)
 K - a wand of mindburst (11)
 M - a wand of digging (12)
Scrolls
 b - 2 scrolls of immolation
 h - a scroll of blinking
 j - 2 scrolls of fear
 y - 2 scrolls of poison
 z - 2 scrolls of butterflies
 C - 2 scrolls of teleportation
 D - 6 scrolls of amnesia
 F - 2 scrolls of enchant weapon
Potions
 c - a potion of mutation {unknown}
 e - 3 potions of might {unknown}
 g - 4 potions of attraction
 i - 3 potions of haste
 o - 7 potions of flight
 s - 2 potions of resistance {unknown}
 v - 3 potions of brilliance
 x - 2 potions of curing
 B - a potion of invisibility {unknown}
 E - 2 potions of lignification {unknown}
 G - a potion of cancellation {unknown}
 I - a potion of berserk rage {unknown}
 L - 2 potions of ambrosia {unknown}


   Skills:
 + Level 4.4 Fighting
 + Level 2.7 Short Blades
 + Level 7.1 Ranged Weapons
 + Level 4.8 Armour
 + Level 3.2 Dodging
 + Level 5.8 Stealth
 + Level 1.0 Shields
 + Level 4.7 Spellcasting
 * Level 9.7 Necromancy


You had 15 spell levels left.
You knew the following spells:

 Your Spells              Type           Power      Damage    Failure   Level
a - Necrotise             Necr           100%       1d9       1%          1
b - Sublimation of Blood  Necr           28%        N/A       1%          2

Your spell library contained the following spells:

 Spells                   Type           Power      Damage    Failure   Level
 Animate Dead             Necr           28%        N/A       7%          4
 Dispel Undead            Necr           28%        3d13      7%          4
 Agony                    Necr           28%        N/A       19%         5
 Magic Dart               Conj           12%        1d3       36%         1
 Sandblast                Erth           6%         2d5       36%         1
 Anguish                  Hex/Necr       7%         N/A       45%         4
 Call Imp                 Summ           3%         N/A       50%         2
 Passwall                 Tmut/Erth      2%         N/A       50%         2
 Death Channel            Necr           14%        N/A       71%         6
 Mephitic Cloud           Conj/Pois/Air  3%         N/A       75%         3
 Stone Arrow              Conj/Erth      6%         3d7       75%         3
 Borgnjor's Vile Clutch   Necr/Erth      7%         N/A       82%         5
 Simulacrum               Ice/Necr       7%         N/A       100%        6


Dungeon Overview and Level Annotations

Branches:
Dungeon (10/15)            Temple (0/1) D:7           Sewer (visited)
Ossuary (visited)
   Lair: D:8-11         Orc: D:9-12

Altars:
Fedhas
Hepliaklqana
Kikubaaqudgha
Makhleb
Ru
Uskayaw
Xom
Yredelemnul


Innate Abilities, Weirdness & Mutations

You have very sharp fingernails.
You sometimes gain power by taking damage.
Spells you cast may paralyse adjacent enemies.


Message History

The wraith hits you.
* * * LOW HITPOINT WARNING * * *
Fire: a) +0 shortbow
Press: ? - help, Q - select action, (/) - cycle Shift-Dir - straight line, f/p - wraith
Aim: a wraith (almost destroyed, 65% to hit)
You shoot an arrow. The arrow hits the wraith.
The wraith is almost destroyed.
The wraith hits you but does no damage.
Fire: a) +0 shortbow
Press: ? - help, Q - select action, (/) - cycle Shift-Dir - straight line, f/p - wraith
Aim: a wraith (almost destroyed, 65% to hit)
You shoot an arrow.
The arrow hits the wraith but does no damage.
The wraith is almost destroyed.
The wraith hits you but does no damage. x2
Fire: a) +0 shortbow
Press: ? - help, Q - select action, (/) - cycle Shift-Dir - straight line, f/p - wraith
Aim: a wraith (almost destroyed, 65% to hit)
You shoot an arrow. The arrow hits the wraith.
You destroy the wraith!
Kikubaaqudgha accepts your kill.
You feel yourself slow down.
There is a stone staircase leading down, spattered with blood here.
You climb downwards.
You hear the roar of battle.
There is an entrance to a bailey on this level.
Hurry and find it before the portal closes forever!
You hear the faint creaking of a portcullis nearby.
The centaur shoots an arrow.
The arrow hits you but does no damage. The two-headed ogre barely misses you.
The two-headed ogre hits you with a +0 giant club!!
* * * LOW HITPOINT WARNING * * *
The centaur shoots an arrow.
The arrow hits you but does no damage.
The centaur shoots an arrow.
The arrow hits you but does no damage. The two-headed ogre closely misses you.
The two-headed ogre barely misses you.
There is a stone staircase leading up, spattered with blood here.
The centaur shoots an arrow.
The arrow barely misses you.
The centaur shoots an arrow.
The arrow hits you but does no damage.
The two-headed ogre hits you with a +0 giant spiked club!!!
You die...
Kikubaaqudgha rasps: "You have failed me!
Welcome... death!"

#..
###..##########
.....=......?..
...............
..c............
...............
.........[.....
.......@.......
......O........
.....?.........
..........<....
..######.######
. .# .# ..


You could see a two-headed ogre and a centaur.

Vanquished Creatures
  A two-headed ogre (D:9)
  A kobold demonologist (D:9)
  A troll (D:7)
  2 hornets
  2 wyverns (D:8)
  2 steam dragons (D:8)
  A wraith (D:9)
  2 water moccasins
  Duvessa (D:6)
  Pargi (Sewer)
  An orc warrior (D:6)
  3 ice beasts
  A sky beast (D:7)
  3 black bears
  2 ogres (D:5)
  6 centaurs
  2 elf zombies (D:8)
  2 bullfrogs
  4 scorpions
  3 elf skeletons (D:8)
  A gnoll sergeant (D:6)
  4 wights (D:9)
  Dowan (D:6)
  A howler monkey (D:4)
  3 hounds
  A jelly (D:8)
  3 orc priests
  Jessica (D:2)
  2 human skeletons (D:8)
  5 orc wizards
  4 iguanas (D:5)
  8 mummies (Ossuary)
  Robin (D:3)
  15 gnolls
  8 adders
  A shadow imp (D:7)
  A white imp (D:7)
  4 dart slugs
  32 orcs
  5 ball pythons
  6 endoplasms
  4 giant cockroaches
  13 goblins
  10 hobgoblins
  4 jackals (D:4)
  2 quokkas (D:2)
  9 bats
  A frilled lizard (D:1)
  A gnoll zombie (Ossuary)
  2 hobgoblin zombies (Ossuary)
  3 kobolds
  4 kobold zombies (Ossuary)
  3 orc skeletons (D:8)
  2 orc zombies
  5 rats
  A butterfly (D:7)
212 creatures vanquished.

Vanquished Creatures (collateral kills)
  An ogre (D:7)
1 creature vanquished.

Vanquished Creatures (others)
  2 bats (D:8)
  9 fungi (D:8)
  3 plants (D:8)
14 creatures vanquished.

Grand Total: 227 creatures vanquished

Notes
Turn   | Place    | Note
-------+----------+-------------------------------------------
     0 | D:1      | xian the Demonspawn Hunter began the quest for the Orb.
     0 | D:1      | Reached XP level 1. HP: 16/16 MP: 1/1
   199 | D:1      | Found a faded altar of an unknown god.
   323 | D:1      | Prayed at the altar of an unknown god.
   323 | D:1      | Became a worshipper of Kikubaaqudgha
   323 | D:1      | Reached * piety under Kikubaaqudgha
   323 | D:1      | Received a gift from Kikubaaqudgha
   476 | D:1      | Gained mutation: You have sharp fingernails. [demonic
                  | ancestry]
   476 | D:1      | Reached XP level 2. HP: 22/22 MP: 2/2
  1432 | D:2      | Gained mutation: You have very sharp fingernails. [demonic
                  | ancestry]
  1432 | D:2      | Reached XP level 3. HP: 27/27 MP: 3/3
  1658 | D:2      | Reached ** piety under Kikubaaqudgha
  1704 | D:2      | Learned a level 1 spell: Necrotise
  1878 | D:2      | Reached skill level 1 in Armour
  1981 | D:3      | Noticed Jessica
  1983 | D:3      | Noticed Robin
  1989 | D:2      | Killed Jessica
  1991 | D:2      | Reached skill level 1 in Necromancy
  1991 | D:2      | Reached XP level 4. HP: 10/34 MP: 4/4
  2209 | D:3      | Killed Robin
  2417 | D:3      | Found a glowing drain.
  2421 | Sewer    | Entered a sewer
  2583 | Sewer    | Noticed Pargi
  2604 | Sewer    | Killed Pargi
  2605 | Sewer    | Reached skill level 5 in Ranged Weapons
  2605 | Sewer    | Reached skill level 2 in Necromancy
  2605 | Sewer    | Gained mutation: Spells you cast may paralyse adjacent
                  | enemies. [demonic ancestry]
  2605 | Sewer    | Reached XP level 5. HP: 15/39 MP: 2/5
  2966 | D:3      | Learned a level 2 spell: Sublimation of Blood
  3229 | D:3      | Found a basalt altar of Yredelemnul.
  3291 | D:4      | Reached skill level 1 in Stealth
  3781 | D:4      | Found a shimmering altar of Xom.
  3785 | D:4      | Found an ancient bone altar of Kikubaaqudgha.
  3785 | D:4      | Found a burning altar of Makhleb.
  3993 | D:4      | Gained mutation: You sometimes gain a little power by
                  | taking damage. [demonic ancestry]
  3993 | D:4      | Reached XP level 6. HP: 44/46 MP: 6/6
  4306 | D:4      | Reached *** piety under Kikubaaqudgha
  4306 | D:4      | Received a gift from Kikubaaqudgha
  4502 | D:4      | Found a blossoming altar of Fedhas.
  4687 | D:5      | Entered Level 5 of the Dungeon
  5037 | D:5      | Found a hazy altar of Hepliaklqana.
  5105 | D:5      | Reached skill level 3 in Necromancy
  5105 | D:5      | Reached XP level 7. HP: 20/51 MP: 1/7
  5537 | D:5      | Reached skill level 1 in Spellcasting
  5782 | D:5      | Reached skill level 4 in Necromancy
  5874 | D:5      | Reached skill level 1 in Short Blades
  5967 | D:5      | Reached XP level 8. HP: 58/58 MP: 8/10
  6243 | D:6      | Reached skill level 5 in Necromancy
  6648 | D:6      | Reached skill level 6 in Necromancy
  6964 | D:6      | Noticed Duvessa
  6964 | D:6      | Noticed Dowan
  6979 | D:6      | Killed Duvessa
  6987 | D:6      | Killed Dowan
  7236 | D:6      | Reached skill level 7 in Necromancy
  7240 | D:6      | Reached XP level 9. HP: 62/64 MP: 7/13
  7609 | D:7      | Found a staircase to the Ecumenical Temple.
  7651 | D:7      | Reached **** piety under Kikubaaqudgha
  7665 | D:7      | Noticed a troll
  7675 | D:7      | Killed a troll
  8141 | D:8      | Found a sacrificial altar of Ru.
  8172 | D:8      | Reached skill level 5 in Stealth
  8175 | D:8      | Reached skill level 8 in Necromancy
  8176 | D:8      | Reached skill level 1 in Shields
  8370 | D:8      | Found a sand-covered staircase.
  8398 | Ossuary  | Entered an ossuary
  9058 | D:8      | Reached ***** piety under Kikubaaqudgha
  9082 | D:8      | Found a hide-covered altar of Uskayaw.
  9486 | D:8      | HP: 2/65 [orc priest/divine providence (9)]
  9490 | D:7      | Gained mutation: You sometimes gain power by taking damage.
                  | [demonic ancestry]
  9490 | D:7      | Reached XP level 10. HP: 8/71 MP: 11/16
 10064 | D:8      | Reached skill level 9 in Necromancy
 11282 | D:9      | Noticed a two-headed ogre
 11308 | D:9      | Killed a two-headed ogre
 11554 | D:10     | Entered Level 10 of the Dungeon
 11554 | D:10     | Noticed a two-headed ogre
 11582 | D:9      | HP: 3/73 [wraith (5)]
 11608 | D:10     | Annihilated by a two-headed ogre

Illustrated notes

Levels and vault maps discovered:
D:1:      lightli_arrival_farm, layout_basic,
          shapermc_ecumenical_altar_flowoftime, minivault_27, st_stairs_5,
          serial_bayou_lagoon_a
D:2:      layout_rooms, st_stairs_6, minmay_quadrilaterals
D:3:      layout_rooms, mainiacjoe_overflow_small_starburst,
          gup_sewer_entry_spiral, grunt_decor_fettered, serial_park_tiny_1,
          uniq_robin, uniq_jessica
D:4:      layout_basic, doesnt_xom_only_xom, fedhas_altar_fruit_tree,
          sigmund_army
D:5:      layout_gridville, nicolae_overflow_hidden_temple
D:6:      layout_loops_ring, hangedman_decor_lopped, uniq_duvessa
D:7:      layout_basic, minmay_temple_entry_butterflies
D:8:      old_forge, layout_loops_ring, lemuel_doored_altar,
          kennysheep_mini_moat, nicolae_ossuary_entry_catacombs,
          minmay_manual_mail
D:9:      layout_cave_pools, orc_0_dummy, grunt_ministairs_7
D:10:     layout_long_grid, amcnicky_altar_gilded, zin_purify,
          mainiacjoe_overflow_surrounded_room, lair_entry_dummy, enter_bailey_5

Skill      XL: |  1  2  3  4  5  6  7  8  9 10 |
---------------+-------------------------------+-----
Ranged Weapons | 4 5 6 7 |  7.1
Armour         | 1 2 3 4 |  4.8
Necromancy     | 1 2 3 4 7 8 9 |  9.7
Stealth        | 1 2 4 5 |  5.8
Dodging        | 2 3 |  3.2
Fighting       | 3 4 |  4.4
Spellcasting   | 1 3 4 |  4.7
Short Blades   | 1 2 |  2.7
Shields        | 1 |  1.0

Action                   |  1- 3 |  4- 6 |  7- 9 | 10-12 || total
-------------------------+-------+-------+-------+-------++-------
Melee: Dagger            |       |    26 |   193 |    67 ||   286
       Punch             |       |       |       |     3 ||     3
 Fire: Shortbow          |    79 |   157 |   204 |    65 ||   505
 Cast: Necrotise         |       |    11 |    80 |    31 ||   122
       Sublimation of Bl |       |       |     1 |     5 ||     6
  Use: Scroll            |       |     5 |     8 |     2 ||    15
       Potion            |       |     2 |     5 |     2 ||     9
 Stab: Paralysed         |       |     1 |    53 |    16 ||    70
       Sleeping          |       |       |     5 |     3 ||     8
Armor: Leather armour    |     8 |       |       |       ||     8
       Plate armour      |    35 |   112 |       |       ||   147
       Ring mail         |       |    33 |   161 |    56 ||   250
Dodge: Dodged            |    21 |    78 |   140 |    84 ||   323
Block: Kite shield       |       |       |    52 |       ||    52
